 Dungeon Crawl Stone Soup version 0.26-a0-21-gf97e55dc39 (webtiles) character file.

Game seed: 15385331458686635169, levelgen mode: deterministic

146 tilp the Bolt Thrower (level 5, 0/33 HPs)
             Began as a Kobold Arcane Marksman on May 26, 2020.
             Splashed by a jelly's acid (4 damage)
             ... on level 2 of the Dungeon.
             The game lasted 00:03:51 (2929 turns).

tilp the Bolt Thrower (Kobold Arcane Marksman)      Turns: 2929, Time: 00:03:53

Health: 0/33       AC: -6    Str:  6      XL:     5   Next: 53%
Magic:  6/6        EV: 15    Int: 13 (15) God:
Gold:   92         SH:  0    Dex: 14 (15) Spells: 5/6 levels left

rFire    + . .     SeeInvis .   b - +4 whip
rCold    + . .     Gourm    .   (shield restricted)
rNeg     . . .     Faith    .   e - +0 robe
rPois    +         Spirit   .   (no helmet)
rElec    +         Reflect  .   (no cloak)
rCorr    +         Harm     .   (no gloves)
MR       .....                  (no boots)
Stlth    +.........             (no amulet)
HPRegen  0.11/turn              (no ring)
MPRegen  0.10/turn              (no ring)

@: resistant, corroded
A: small, carnivore, poison resistance, weak 1
a: no special abilities


You were on level 2 of the Dungeon.
You were very full.

You visited 1 branch of the dungeon, and saw 2 of its levels.

You collected 92 gold pieces.

Inventory:

Hand Weapons
 a - a +0 hand crossbow
 b - a +4 whip (weapon)
Armour
 e - a +0 robe (worn)
Scrolls
 c - 3 scrolls of identify
 h - 2 scrolls of teleportation {unknown}
 i - 2 scrolls of remove curse
 q - a scroll of enchant weapon {unknown}
Potions
 g - a potion of stabbing
 k - a potion of degeneration
 m - a potion of mutation
 p - a potion of flight {unknown}
Comestibles
 f - 7 rations


   Skills:
 - Level 4.0 Fighting
 + Level 4.7 Crossbows
 - Level 2.4 Dodging
 - Level 1.1 Spellcasting
 - Level 3.0 Hexes


You had 5 spell levels left.
You knew the following spells:

 Your Spells              Type           Power        Failure   Level  Hunger
a - Corona                Hex            #......      9%          1    ##.....

Your spell library contained the following spells:

 Spells                   Type           Power        Failure   Level  Hunger
 Slow                     Hex            #.......     12%         2    ###....
 Inner Flame              Hex/Fire       #.......     41%         3    ####...
 Portal Projectile        Hex/Tloc       #.....       41%         3    ####...
 Cause Fear               Hex            #.........   63%         4    #####..
 Leda's Liquefaction      Hex/Erth       #.........   83%         4    #####..


Dungeon Overview and Level Annotations

Branches:
Dungeon (2/15)

Altars:
Gozag


Innate Abilities, Weirdness & Mutations

You are small and have problems with some larger weapons.
You are carnivorous and can eat meat at any time.
Your system is resistant to poisons. (rPois)
You are weak. (Str -2)


Message History

The jelly barely misses you.
You hit the jelly but do no damage.
Your hands burn!
* * * LOW HITPOINT WARNING * * *
The jelly is severely wounded.
The jelly misses you.
Unknown command.
You hit the jelly.
Your hands burn!
* * * LOW HITPOINT WARNING * * *
The jelly is almost dead.
The jelly hits you.
* * * LOW HITPOINT WARNING * * *
You are splashed with acid.
You resist.
* * * LOW HITPOINT WARNING * * *
You hit the jelly but do no damage.
Your hands burn!
* * * LOW HITPOINT WARNING * * *
The jelly is almost dead.
The jelly hits you.
* * * LOW HITPOINT WARNING * * *
You are splashed with acid.
You resist.
You die...

### #.###.###.##.#.
#.........##.#. ####...........
###########. ######. ### #......
#######.##.J.J.)# #.####. ##
#####....#.#.#......# #.# #. .#
#.##.)...#.#@#J÷....###.## #. .#
##.'......#'#J#P..÷÷.##...# #.
.###(.').......#.#.J...J###..###.
.(()..'........#)#PP÷.÷.# #......
.####.##.......#.#.÷.÷..# ##.....
.# #####......##(÷.PP..# ####..
.# ##########(....÷# ##. ## ###
####### #. #.# ### ### ### #.


You could see a jelly.

Vanquished Creatures
  2 jellies (D:2)
  2 adders (D:2)
  5 oozes (D:2)
  3 worms (D:2)
  A leopard gecko (D:1)
  2 giant cockroaches
  3 hobgoblins (D:1)
  3 bats
  3 frilled lizards
  3 goblins
  10 kobolds
  5 rats
42 creatures vanquished.

Vanquished Creatures (others)
  10 toadstools (D:2)
10 creatures vanquished.

Grand Total: 52 creatures vanquished

Notes
Turn   | Place    | Note
-------+----------+-------------------------------------------
     0 | D:1      | tilp the Kobold Arcane Marksman began the quest for the
                  | Orb.
     0 | D:1      | Reached XP level 1. HP: 12/12 MP: 2/2
   276 | D:1      | Reached XP level 2. HP: 11/17 MP: 3/3
  1387 | D:2      | Reached XP level 3. HP: 15/23 MP: 4/4
  2361 | D:2      | Reached XP level 4. HP: 28/29 MP: 5/5
  2411 | D:2      | Found an opulent altar of Gozag.
  2667 | D:2      | Gained mutation: You are dopey. (Int -2) [potion of
                  | mutation]
  2667 | D:2      | Gained mutation: Your system is resistant to poisons.
                  | (rPois) [potion of mutation]
  2667 | D:2      | Gained mutation: You are weak. (Str -2) [potion of
                  | mutation]
  2667 | D:2      | Lost mutation: You are dopey. (Int -2) [potion of mutation]
  2671 | D:2      | Reached XP level 5. HP: 9/33 MP: 6/6
  2920 | D:2      | HP: 1/33 [acid (9)]
  2929 | D:2      | Splashed by a jelly's acid

Illustrated notes

Levels and vault maps discovered:
D:1:      matt_arrival_spirals, layout_basic
D:2:      cheibrodos_fertilizer, layout_loops_corners, lemuel_doored_altar,
          nicolae_ru_path_of_blood

Skill      XL: |  1  2  3  4  5 |
---------------+----------------+-----
Fighting       | 2 3 4 |  4.0
Crossbows      | 3 4 |  4.7
Dodging        | |  2.4
Spellcasting   | |  1.1
Hexes          | |  3.0

Action                   |  1- 3 |  4- 6 || total
-------------------------+-------+-------++-------
Melee: Unarmed           |    15 |       ||    15
       Club              |    38 |       ||    38
       Dagger            |    10 |    17 ||    27
       Whip              |       |    23 ||    23
 Fire: Hand crossbow     |    41 |    23 ||    64
  Use: Scroll            |     3 |       ||     3
       Potion            |     1 |     6 ||     7
 Stab: Sleeping          |     2 |       ||     2
  Eat: Chunk             |    12 |     1 ||    13
Armor: Robe              |    13 |     7 ||    20
Dodge: Dodged            |    74 |    30 ||   104

Table legend:
 A = Non-vault XP
 B = Vault XP
 C = Vault XP percentage of total XP
 D = Non-vault monster count
 E = Vault monster count
 F = Vault count percentage of total count
                 A         B        C        D         E       F
            +---------+---------+-------+---------+---------+-------
      Total |      78 |     131 |  62.7 |      29 |      13 |  31.0
            +---------+---------+-------+---------+---------+-------
        D:1 |      21 |       0 |   0.0 |      13 |       0 |   0.0
        D:2 |      57 |     131 |  69.7 |      16 |      13 |  44.8
            +---------+---------+-------+---------+---------+-------
